 Dungeon Crawl Stone Soup version 0.28.0-53-g5a82cb258f (webtiles) character file.

Game seed: 15469553101556751878

311 Sin92 the Skirmisher (level 6, 0/48 HPs)
             Began as a Demonspawn Fighter on July 7, 2022.
             Slain by an iguana (6 damage)
             ... on level 3 of the Dungeon.
             The game lasted 00:02:12 (2328 turns).

Sin92 the Skirmisher (Demonspawn Fighter)           Turns: 2328, Time: 00:02:13

Health: 0/48       AC: 11    Str: 18    XL:     6   Next: 18%
Magic:  6/6        EV:  5    Int:  9    God:
Gold:   190        SH:  5    Dex: 13    Spells: 5/5 levels left

rFire   . . .      SeeInvis .   a - +0 war axe
rCold   . . .      Faith    .   c - +0 buckler
rNeg    . . .      Spirit   .   h - +0 plate armour
rPois   .          Reflect  .   (helmet restricted)
rElec   .          Harm     .   (no cloak)
rCorr   .          Rampage  .   (no gloves)
Will    .....                   (no boots)
Stlth   ..........              (no amulet)
HPRegen 0.16/turn               (no ring)
MPRegen 0.10/turn               (no ring)

@: mighty, hasted, very quick
A: antennae 2
a: no special abilities


You were on level 3 of the Dungeon.
You visited 1 branch of the dungeon, and saw 3 of its levels.

You collected 190 gold pieces.

Inventory:

Hand Weapons
 a - a +0 war axe (weapon)
Armour
 b - a +0 scale mail
 c - a +0 buckler (worn)
 h - a +0 plate armour (worn)
Scrolls
 f - 2 scrolls of fog {unknown}
 i - a scroll of torment {unknown}
Potions
 e - a potion of haste
 j - a potion of flight {unknown}


   Skills:
 + Level 4.3 Fighting
 + Level 3.3 Axes
 + Level 3.8 Armour
 + Level 3.9 Shields


You had 5 spell levels left.
You didn't know any spells.
Your spell library was empty.

Dungeon Overview and Level Annotations

Branches:
Dungeon (3/15)

Altars:
Ru


Innate Abilities, Weirdness & Mutations

You have a pair of antennae on your head.


Message History

You kill the black bear!
You slash the water moccasin!
You feel extremely sick. The water moccasin closely misses you.
The adder bites you but does no damage.
The water moccasin bites you but does no damage.
Your Fighting skill increases to level 4!
Your Axes skill increases to level 3!
You have reached level 5!
Unknown command.
You hit the water moccasin.
You kill the water moccasin!
You barely miss the adder.
* * * LOW HITPOINT WARNING * * *
You feel very sick.
The adder bites you but does no damage. x2
You have reached level 6!
You closely miss the adder.
* * * LOW HITPOINT WARNING * * *
You feel very sick. The adder bites you.
* * * LOW HITPOINT WARNING * * *
The adder bites you.
* * * LOW HITPOINT WARNING * * *
It was a potion of haste.
You feel yourself speed up.
* * * LOW HITPOINT WARNING * * *
You feel sick. The adder bites you but does no damage.
Unknown command.
It was a potion of curing.
You feel better. The adder bites you but does no damage.
You slash the adder!
You kill the adder!
The bat hits you but does no damage.
You closely miss the bat. The bat hits you but does no damage.
The iguana bites you!
* * * LOW HITPOINT WARNING * * *
You hit the iguana.
The iguana is moderately wounded.
You block the bat's attack. The bat hits you but does no damage.
The iguana bites you.
You die...

#.≈ .≈.#. ..<#.≈.
.≈... ....
≈.#####.≈... .l..
.......≈... #S.
≈.≈≈≈≈≈... ...
......... ..
#.###b............ ...
#..ll@# .......
...####.#####.........
......................
...^..#..####........#
........## ......#
........#######.......
....?.........<...#
......#...>.#........#
........!.............


You could see an iguana, a bat and a frilled lizard.

Vanquished Creatures
  A water moccasin (D:3)
  A black bear (D:3)
  5 adders
  3 worms (D:2)
  A dart slug (D:1)
  An endoplasm (D:2)
  3 giant cockroaches (D:1)
  4 hobgoblins
  7 jackals
  3 quokkas (D:2)
  5 ball pythons
  6 bats
  3 frilled lizards
  6 goblins (D:2)
  10 kobolds
  A rat (D:1)
60 creatures vanquished.

Notes
Turn   | Place    | Note
-------+----------+-------------------------------------------
     0 | D:1      | Sin92 the Demonspawn Fighter began the quest for the Orb.
     0 | D:1      | Reached XP level 1. HP: 18/18 MP: 1/1
   121 | D:1      | Gained mutation: You have a pair of small antennae on your
                  | head. [demonic ancestry]
   121 | D:1      | Reached XP level 2. HP: 19/24 MP: 2/2
   932 | D:2      | Reached XP level 3. HP: 27/29 MP: 3/3
  1008 | D:2      | Found a sacrificial altar of Ru.
  1471 | D:2      | Gained mutation: You have a pair of antennae on your head.
                  | [demonic ancestry]
  1471 | D:2      | Reached XP level 4. HP: 33/35 MP: 4/4
  1716 | D:2      | Found a faded altar of an unknown god.
  2304 | D:3      | Noticed a water moccasin
  2311 | D:3      | Noticed a black bear
  2321 | D:3      | Killed a black bear
  2322 | D:3      | Reached skill level 4 in Fighting
  2322 | D:3      | Reached XP level 5. HP: 14/42 MP: 5/5
  2322 | D:3      | Killed a water moccasin
  2323 | D:3      | Reached XP level 6. HP: 12/48 MP: 6/6
  2328 | D:3      | Slain by an iguana

Illustrated notes

Levels and vault maps discovered:
D:1:      tarquinn_simple_flora_water_d, layout_loops_cross
D:2:      minmay_kobold_bridge, layout_basic,
          shapermc_ecumenical_altar_flowoftime, basic_altar,
          hangedman_decor_slide_cut
D:3:      layout_rooms, mainiacjoe_overflow_brackets, serial_curves,
          eino_curves_02, eino_curves_04, minmay_misc_feat_cross,
          minmay_misc_feat_tower

Skill      XL: |  1  2  3  4 |
---------------+-------------+-----
Axes           | 2 3 |  3.3
Shields        | 3 |  3.9
Armour         | 3 |  3.8
Fighting       | 4 |  4.3

Action                   |  1- 3 |  4- 6 || total
-------------------------+-------+-------++-------
Melee: War axe           |   132 |    61 ||   193
  Use: Potion            |       |     3 ||     3
Armor: Scale mail        |    58 |       ||    58
       Plate armour      |    34 |    67 ||   101
Dodge: Dodged            |    58 |    25 ||    83
Block: Buckler           |    35 |    16 ||    51
